 Dungeon Crawl Stone Soup version 0.26-a0-651-gb41185065b (webtiles) character file.

Game seed: 6989281322563063825

51 Ozzies the Sneak (level 3, 0/19 HPs)
             Began as a Vampire Enchanter on Oct 6, 2020.
             Slain by a goblin (1 damage)
             ... on level 2 of the Dungeon.
             The game lasted 00:02:50 (1952 turns).

Ozzies the Sneak (Vampire Enchanter)                Turns: 1952, Time: 00:02:50

Health: 0/19       AC:  3    Str:  8    XL:     3   Next: 57%
Magic:  2/6        EV: 12    Int: 17    God:
Gold:   161        SH:  0    Dex: 14    Spells: 3/6 levels left

rFire    . . .     SeeInvis +   a - +1 dagger
rCold    + + .     Faith    .   (no shield)
rNeg     + + +     Spirit   .   b - +0 robe
rPois    ∞         Reflect  .   (no helmet)
rElec    .         Harm     .   (no cloak)
rCorr    .         Rampage  .   (no gloves)
MR       .....                  e - +0 pair of boots
Stlth    +++++.....             (no amulet)
HPRegen  0.00/turn              (no ring)
MPRegen  0.10/turn              (no ring)

@: bloodless
A: fangs 3, see invisible, unbreathing
a: Bat Form, Revivify


You were on level 2 of the Dungeon.
You visited 1 branch of the dungeon, and saw 2 of its levels.

You collected 161 gold pieces.

Inventory:

Hand Weapons
 a - a +1 dagger (weapon)
 o - a +0 short sword
 q - a +0 vampiric dagger
Missiles
 c - 110 stones (quivered)
 m - 13 sling bullets
Armour
 b - a +0 robe (worn)
 e - a +0 pair of boots (worn)
 f - a +0 kite shield
 j - a +0 helmet
Scrolls
 d - 5 scrolls of identify {unknown}
 g - 3 scrolls of enchant weapon {unknown}
 h - a scroll of random uselessness {unknown}
 k - 2 scrolls of remove curse {unknown}
 l - a scroll of fear {unknown}
 n - a scroll of immolation {unknown}
 p - a scroll of enchant armour {unknown}
 r - a scroll of magic mapping {unknown}
Potions
 i - a potion of mutation {unknown}


   Skills:
 - Level 1.1 Short Blades
 - Level 2.1 Dodging
 * Level 6.4 Stealth
 - Level 2.0 Spellcasting
 + Level 5.2 Hexes


You had 3 spell levels left.
You knew the following spells:

 Your Spells              Type           Power        Failure   Level
a - Corona                Hex            ###....      2%          1
b - Ensorcelled Hibernat  Hex/Ice        ##....       10%         2

Your spell library contained the following spells:

 Spells                   Type           Power        Failure   Level
 Confusing Touch          Hex            ###.....     7%          3
 Tukima's Dance           Hex            ###.....     7%          3
 Dazzling Flash           Conj/Hex       ##....       21%         3


Dungeon Overview and Level Annotations

Branches:
Dungeon (2/15)

Altars:

Annotations:
D:2 Ijyb


Innate Abilities, Weirdness & Mutations

You do not regenerate when monsters are visible.
You are frail without blood (-20% HP).
You can heal yourself when you bite living creatures.
You are immune to poison.
You have razor-sharp teeth.
You have supernaturally acute eyesight. (SInv)
You can survive without breathing.


Message History

You bite the hobgoblin, and draw its blood!
You impale the hobgoblin!!
You kill the hobgoblin!
The helpless bat fails to defend itself.
You bite the bat, and draw its blood! You impale the bat!!
You kill the bat!
g - 3 scrolls labeled ATUOTIWESK (gained 2)
You open the door.
A worm comes into view.
A worm is nearby!
Found a stone staircase leading down.
There is an open door here.
The helpless worm fails to defend itself.
You impale the worm!!
You kill the worm!
You now have 161 gold pieces (gained 15).
A leopard gecko comes into view.
A leopard gecko is nearby!
A leopard gecko is nearby!
The leopard gecko hisses angrily.
You hit the leopard gecko.
The leopard gecko is lightly wounded.
The leopard gecko closely misses you. The leopard gecko bites you.
You barely miss the leopard gecko. You bite the leopard gecko.
You draw the leopard gecko's blood!
You feel better.
The leopard gecko is severely wounded.
The leopard gecko bites you.
You hit the leopard gecko.
You kill the leopard gecko!
Found a rapier. 2 goblins come into view.
Found 4 gold pieces.
There are monsters nearby!
There are monsters nearby! 2 goblins come into view.
Found a scroll labeled XEIMNI UTUUMIKK. 2 goblins come into view.
Ijyb the Twisted Goblin comes into view.
She is wielding a +0 club and carrying a wand of acid (9).
Found a runed scarf and a ring mail.
Casting: Ensorcelled Hibernation (safe; 10% risk of failure)
Confirm with . or Enter, or press ? or * to list all spells.
Aiming: Ensorcelled Hibernation (safe; 10% risk of failure)
Press: ? - help, Shift-Dir - straight line, f - goblin
Aim: a goblin, wielding a +0 club (chance to defeat MR: 59%)
Okay, then.
The goblin closely misses you. The goblin barely misses you.
Casting: Ensorcelled Hibernation (safe; 10% risk of failure)
Confirm with . or Enter, or press ? or * to list all spells.
Press: ? - help, Shift-Dir - straight line, f - Ijyb
Aim: Ijyb, wielding a +0 club, wearing a +0 ring mail and carrying a wand of acid (9) (chance to defeat MR: 50%) Ijyb resists with some effort.
The goblin shouts! x4
Ijyb barely misses you. The goblin closely misses you.
Casting: Ensorcelled Hibernation (safe; 10% risk of failure)
Confirm with . or Enter, or press ? or * to list all spells.
Aiming: Ensorcelled Hibernation (safe; 10% risk of failure)
Press: ? - help, Shift-Dir - straight line, f/p - Ijyb
Aim: Ijyb, wielding a +0 club, wearing a +0 ring mail and carrying a wand of acid (9) (chance to defeat MR: 50%) Ijyb looks drowsy...
The goblin shouts!
The goblin hits you with a +0 club. The goblin barely misses you.
The goblin hits you with a +0 club.
The helpless Ijyb fails to defend herself.
You bite Ijyb, and draw her blood!
You feel better.
You impale Ijyb!! Your bite misses Ijyb.
Ijyb is almost dead.
The goblin completely misses you. The goblin closely misses you.
Ijyb barely misses you. The goblin hits you.
The goblin hits you but does no damage.
You hit Ijyb but do no damage.
Ijyb is almost dead.
The goblin hits you with a +0 dagger. The goblin hits you.
The goblin hits you but does no damage. x2; Ijyb completely misses you.
The goblin closely misses you.
You hit Ijyb but do no damage.
Ijyb is almost dead.
The goblin barely misses you. The goblin misses you.
The goblin barely misses you.
Ijyb zaps a wand.
The bolt of acid misses you. The goblin closely misses you. x2
You hit Ijyb.
Ijyb is almost dead.
The goblin misses you. The goblin hits you with a +0 dagger.
The goblin barely misses you. The goblin hits you.
The goblin closely misses you. Ijyb barely misses you.
The goblin hits you but does no damage.
You hit Ijyb but do no damage.
Ijyb is almost dead.
The goblin hits you with a +0 club. The goblin misses you. The goblin hits you.
* * * LOW HITPOINT WARNING * * *
The goblin hits you.
* * * LOW HITPOINT WARNING * * *
The goblin hits you with a +0 dagger.
* * * LOW HITPOINT WARNING * * *
Ijyb hits you but does no damage. The goblin barely misses you.
You closely miss Ijyb.
Ijyb is almost dead.
The goblin barely misses you. The goblin closely misses you.
The goblin hits you.
You die...

#............
........######
#......#######
####.......... #......#
......#.###### ##......#
.............. ....####
############......#####
###.#
#$.8.8.8.8.#...........
#.#
#.$........#....#######
#.#######....ggg..[#....
###.##..........@g...#..#.
........###....ggg..[#....
..........#..........#. #
...†.....##..8.8.8?8.#
.........##.##########
.............
######.####.# #.# ..
###### .# #....)


You could see Ijyb and 6 goblins.

Vanquished Creatures
  An ooze (D:1)
  A worm (D:2)
  A dart slug (D:1)
  A leopard gecko (D:2)
  An orc (D:2)
  4 bats
  A giant cockroach (D:2)
  5 goblins
  5 hobgoblins
  2 jackals (D:1)
  A ball python (D:2)
  A frilled lizard (D:2)
  5 kobolds
  7 rats
36 creatures vanquished.

Notes
Turn   | Place    | Note
-------+----------+-------------------------------------------
     0 | D:1      | Ozzies the Vampire Enchanter began the quest for the Orb.
     0 | D:1      | Reached XP level 1. HP: 13/13 MP: 3/3
   233 | D:1      | Reached skill level 5 in Stealth
   233 | D:1      | Reached XP level 2. HP: 15/15 MP: 5/5
   888 | D:1      | Learned a level 2 spell: Ensorcelled Hibernation
  1078 | D:2      | Reached skill level 5 in Hexes
  1218 | D:2      | Reached XP level 3. HP: 19/19 MP: 6/6
  1244 | D:2      | Reached skill level 6 in Stealth
  1941 | D:2      | Noticed Ijyb
  1952 | D:2      | Slain by a goblin

Illustrated notes

Levels and vault maps discovered:
D:1:      dpeg_arrival_simpleton_a, layout_basic
D:2:      kennysheep_the_goblin_king, layout_basic,
          chequers_temple_overflow_minitemple

Skill      XL: |  1  2  3 |
---------------+----------+-----
Stealth        | 5 6 |  6.4
Hexes          | 5 |  5.2
Short Blades   | |  1.1
Dodging        | |  2.1
Spellcasting   | |  2.0

Action                   || total
-------------------------++-------
Melee: Dagger            ||    92
       Bite              ||     4
 Cast: Corona            ||     8
       Ensorcelled Hiber ||     8
 Abil: Exsanguinate      ||     1
 Stab: Sleeping          ||    28
Armor: Robe              ||    20
Dodge: Dodged            ||    65

Table legend: (Time is in decaauts)
 A = Elapsed time spent in this place.
 B = Non-inter-level travel time spent in this place.
 C = Inter-level travel time spent in this place.
 D = Time resting spent in this place.
 E = Time spent auto-exploring this place.
 F = Levels seen in this place.
 G = Mean time per level.
                   A        B        C        D        E       F      G
               +--------+--------+--------+--------+--------+-----+--------+
         Total |   1947 |   1913 |     34 |      0 |   1586 |   2 |  973.5 |
       Dungeon |   1947 |   1913 |     34 |      0 |   1586 |   2 |  973.5 |
               +--------+--------+--------+--------+--------+-----+--------+

Top non-repeatable levels by time:
     D:1: 1035 daAuts
     D:2: 912 daAuts
